Description

Credit to spazy

Replay - RNG2

Build Order

Get SALT Encoding   

  12  0:01  Drone  
  13  0:12  Overlord  
  13  0:16  Drone  
  14  0:30  Drone x3  
  17  0:52  Hatchery  
  17  0:55  Drone x2  
  17  0:57  Extractor  
  17  1:14  Spawning Pool  
  17  1:17  Drone x2  
  18  1:27  Drone  
  19  1:39  Overlord  
  19  2:00  Metabolic Boost  
  19  2:01  Queen x2  
  19  2:05  Zergling x6  
  29  2:37  Hatchery  
  29  2:47  Overlord  
  30  2:53  Baneling Nest  
  38  3:21  Overlord x2  
  38  3:34  Zergling x8  
  42  3:42  Zergling x6  
  48  3:53  Queen  
  54  4:04  Baneling x6  
  57  4:32  Roach Warren  
  57  4:33  Evolution Chamber  
Spawning Tool Build Advisor. Get it on Overwolf

Go to:

Details

  • Created by: Psylockex
  • Published on: Jul 26, 2018
  • Modified on: Jul 26, 2018
  • Patch: 4.0.0
Show
View Real Time Build Order
Export as new Build Order

Comments (0)

There are no comments. Be the first!

Create an account to comment!